 Dungeon Crawl Stone Soup version 0.27.1-34-g3ba077fa99 (webtiles) character file.

Game seed: 1280339285138043037

1377 DildoBatman the Magician (level 8, -5/58 HPs)
             Began as a Formicid Conjurer on Jan 16, 2022.
             Was a Follower of Kikubaaqudgha.
             Slain by an angel (20 damage)
             ... created by the Shining One
             ... on level 6 of the Dungeon.
             The game lasted 00:17:00 (5139 turns).

DildoBatman the Magician (Formicid Conjurer)        Turns: 5139, Time: 00:17:01

Health: -5/58      AC:  7    Str: 12 (13) XL:     8   Next: 98%
Magic:  0/18       EV: 11    Int: 16 (17) God:    Kikubaaqudgha [*.....]
Gold:   35         SH:  0    Dex: 10 (11) Spells: 18/21 levels left

rFire    . . .     SeeInvis +   c - +0 whip
rCold    + . .     Faith    .   (no shield)
rNeg     . . .     Spirit   +   v - +3 leather armour of Edwer {rC+}
rPois    +         Reflect  .   (helmet unavailable)
rElec    .         Harm     .   (no cloak)
rCorr    .         Rampage  .   a - +0 pair of gloves
Will     +....                  (no boots)
Stlth    +.........             w - amulet of guardian spirit
HPRegen  0.19/turn              k - ring of poison resistance
MPRegen  0.16/turn              D - ring of willpower

@: mighty, attractive, glowing
A: permanent stasis, dig shafts and tunnels, antennae 3, four strong arms
a: Dig, Shaft Self, Renounce Religion, Receive Corpses


You were on level 6 of the Dungeon.
You worshipped Kikubaaqudgha.
Kikubaaqudgha was aware of your devotion.
You visited 2 branches of the dungeon, and saw 7 of its levels.

You collected 263 gold pieces.
You spent 228 gold pieces at shops.

Inventory:

Hand Weapons
 c - a +0 whip (weapon)
Missiles
 b - 136 stones
 d - 28 arrows
 h - 116 bolts
 x - 30 sling bullets
 y - a throwing net
 A - 7 curare-tipped darts
Armour
 a - a +0 pair of gloves (worn)
 v - the +3 leather armour of Edwer (worn) {rC+}
   (You found it on level 4 of the Dungeon)

   rC:        It protects you from cold.
Magical Staves
 n - a staff of cold
Jewellery
 k - a ring of poison resistance (left hand)
 w - an amulet of guardian spirit (around neck)
 D - a ring of willpower (right hand)
Wands
 o - a wand of charming (8)
 B - a wand of flame (21)
Scrolls
 e - 2 scrolls of fear {unknown}
 f - 2 scrolls of teleportation {unknown}
 j - a scroll of enchant weapon {unknown}
 l - 2 scrolls of vulnerability {unknown}
 m - 3 scrolls of immolation
 p - a scroll of holy word {unknown}
 r - a scroll of fog
 u - a scroll of amnesia {unknown}
 z - 5 scrolls of identify
 C - a scroll of magic mapping
 E - a scroll of enchant armour {unknown}
Potions
 g - a potion of resistance {unknown}
 i - a potion of attraction
 s - 2 potions of degeneration


   Skills:
 * Level 3.0 Fighting
 * Level 3.0 Armour
 - Level 1.7 Dodging
 - Level 6.0 Stealth
 - Level 7.0 Spellcasting
 - Level 6.0 Conjurations


You had 18 spell levels left.
You knew the following spells:

 Your Spells              Type           Power      Damage    Failure   Level
a - Searing Ray           Conj           48%        3d5       1%          2
c - Magic Dart            Conj           96%        1d7       1%          1

Your spell library contained the following spells:

 Spells                   Type           Power      Damage    Failure   Level
 Dazzling Flash           Conj/Hex       30%        N/A       14%         3
 Pain                     Necr           20%        1d5       16%         1
 Summon Small Mammal      Summ           20%        N/A       16%         1
 Corpse Rot               Necr/Air       N/A        N/A       24%         2
 Sublimation of Blood     Necr           2%         N/A       24%         2
 Fulminant Prism          Conj/Hex       7%         3d7       41%         4
 Iskenderun's Mystic Bla  Conj/Tloc      15%        2d5       41%         4
 Call Canine Familiar     Summ           5%         N/A       43%         3
 Summon Guardian Golem    Hex/Summ       5%         N/A       43%         3
 Vampiric Draining        Necr           2%         2d6       43%         3
 Orb of Destruction       Conj           12%        9d6       100%        7
 Spellforged Servitor     Conj/Summ      7%         N/A       100%        7


Dungeon Overview and Level Annotations

Branches:
Dungeon (6/15)             Temple (1/1) D:5

Altars:
Ashenzari
Cheibriados
Dithmenos
Elyvilon
Gozag
Hepliaklqana
Kikubaaqudgha
Makhleb
Nemelex Xobeh
Okawaru
Qazlal
Ru
Sif Muna
Trog
Uskayaw
Vehumet
Wu Jian
Yredelemnul
The Shining One

Shops:
D:3 ?   D:4 !


Innate Abilities, Weirdness & Mutations

You cannot be hasted, slowed, berserked, paralysed or teleported.
You can dig through walls and to a lower floor.
You have a pair of large antennae on your head. (SInv)
Your four strong arms can wield two-handed weapons with a shield.


Message History

The Shining One sends the divine host to punish you for your evil ways!
The divine experience confuses you!
You are confused. 2 angels come into view.
An angel is wielding a +3 whip of holy wrath.
An angel is wielding a +3 whip of holy wrath.
You are too confused!
You bump into the rock wall.
It was a potion of degeneration.
There was something very wrong with that liquid.
You feel weakened.
You feel dopey.
You feel clumsy. The angel hits you but does no damage.
The angel hits you with a +3 whip of holy wrath.
It was a potion of attraction.
You feel attractive to monsters.
The angel hits you with a +3 whip of holy wrath.
The angel hits you but does no damage.
The angel hits you with a +3 whip of holy wrath!!
The angel hits you with a +3 whip of holy wrath!
It was a potion of heal wounds.
You feel much better. The angel misses you.
The angel hits you with a +3 whip of holy wrath!
Okay, then.
You miss the angel.
The angel hits you with a +3 whip of holy wrath!
The angel hits you with a +3 whip of holy wrath.
It was a potion of might.
You feel very mighty all of a sudden.
You feel less confused.
The angel hits you with a +3 whip of holy wrath!
The angel barely misses you.
The angel hits you with a +3 whip of holy wrath!
The angel barely misses you. The angel closely misses you.
The angel hits you but does no damage.
The angel hits you with a +3 whip of holy wrath!!
You die...
Kikubaaqudgha rasps: "You have failed me!
Welcome... death!"

####### #...A@#
#.###A#####
#######.# #.....#
........#########
####.......#
#.#####.# #. #.##
. #..# # { #..##


You could see 2 angels.

Vanquished Creatures
  A necrophage (D:6)
  A sky beast (D:5)
  An orc warrior (D:5)
  3 ogres
  A phantom (D:6)
  A bullfrog (D:6)
  2 scorpions (D:4)
  A water moccasin zombie (D:5)
  A water moccasin skeleton (D:5)
  A hound (D:4)
  A gnoll shaman (D:5)
  A jelly (D:6)
  2 centaur skeletons
  3 iguanas
  7 adders
  8 gnolls
  A shadow imp (D:5)
  2 ufetubi (D:5)
  An adder skeleton (D:4)
  3 worms
  2 dart slugs
  3 orcs (D:5)
  8 bats
  3 endoplasms
  7 giant cockroaches
  7 hobgoblins
  3 jackals (D:2)
  10 kobolds
  2 quokkas
  3 ball pythons
  6 frilled lizards
  9 goblins
  8 rats
  2 butterflies (D:5)
115 creatures vanquished.

Vanquished Creatures (others)
  4 plants (D:4)
4 creatures vanquished.

Grand Total: 119 creatures vanquished

Notes
Turn   | Place    | Note
-------+----------+-------------------------------------------
     0 | D:1      | DildoBatman the Formicid Conjurer began the quest for the
                  | Orb.
     0 | D:1      | Reached XP level 1. HP: 13/13 MP: 3/3
   204 | D:1      | Reached XP level 2. HP: 12/19 MP: 0/5
   207 | D:1      | Learned a level 2 spell: Searing Ray
   504 | D:1      | Reached XP level 3. HP: 24/24 MP: 4/6
   736 | D:1      | Found a faded altar of an unknown god.
   921 | D:2      | Reached skill level 5 in Conjurations
   921 | D:2      | Reached XP level 4. HP: 30/30 MP: 0/7
   968 | D:1      | Became a worshipper of the Shining One
   968 | D:1      | Reached * piety under the Shining One
  1084 | D:2      | Reached XP level 5. HP: 17/35 MP: 3/8
  1645 | D:3      | Found Fenucsan's Magic Scroll Shop.
  1989 | D:3      | Noticed an ogre
  2004 | D:3      | Killed an ogre
  2005 | D:3      | Reached skill level 3 in Spellcasting
  2005 | D:3      | Reached XP level 6. HP: 36/41 MP: 3/11
  2104 | D:3      | Bought 3 scrolls of magic mapping for 126 gold pieces
  2259 | D:4      | Found Cyevag's Distillery.
  2351 | D:4      | Found an opulent altar of Gozag.
  2496 | D:5      | Entered Level 5 of the Dungeon
  2501 | D:5      | Reached skill level 4 in Spellcasting
  2511 | D:5      | Found a hide-covered altar of Uskayaw.
  2537 | D:5      | Fell from the grace of the Shining One
  2600 | D:5      | Noticed an ogre
  2620 | D:5      | Found a staircase to the Ecumenical Temple.
  2632 | Temple   | Entered the Ecumenical Temple
  2787 | Temple   | Became a worshipper of Kikubaaqudgha
  2907 | D:4      | Reached XP level 7. HP: 46/46 MP: 6/14
  2915 | D:4      | Identified the +3 leather armour of Edwer {rC+}
  3027 | D:4      | Reached skill level 5 in Spellcasting
  3599 | D:4      | Reached skill level 6 in Spellcasting
  3909 | D:5      | Reached * piety under Kikubaaqudgha
  3909 | D:5      | Received a gift from Kikubaaqudgha
  3912 | D:5      | Reached XP level 8. HP: 49/53 MP: 10/17
  3913 | D:5      | Reached skill level 1 in Fighting
  3913 | D:5      | Reached skill level 1 in Armour
  4346 | D:5      | Reached skill level 7 in Spellcasting
  4413 | D:5      | Reached skill level 5 in Stealth
  4765 | D:6      | Found a sacrificial altar of Ru.
  4957 | D:3      | Bought a scroll of identify for 24 gold pieces
  4957 | D:3      | Bought a scroll of noise for 12 gold pieces
  4958 | D:3      | Bought a scroll of fog for 24 gold pieces
  4958 | D:3      | Bought a scroll of immolation for 42 gold pieces
  5133 | D:6      | Noticed an angel
  5133 | D:6      | Noticed an angel
  5139 | D:6      | Slain by an angel

Illustrated notes

Levels and vault maps discovered:
D:1:      mrwooster_arrival_statue_2, layout_rooms,
          hellmonk_ecumenical_altar_zigzags, chequers_serial_rivers_room_b,
          kennysheep_doodads
D:2:      layout_basic, st_stairs_9, minmay_tetromino_s4
D:3:      layout_loops_cross, serial_shops, shop_scrolls
D:4:      cheibrodos_old_hovel, layout_loops_ring,
          mainiacjoe_overflow_concentric_impassable, serial_shops,
          nicolae_shop_temple_entry_statues_fountains
D:5:      layout_layer_cave, nicolae_uskayaw_suspiria,
          minmay_temple_entry_butterflies, grunt_decor_mini_mirrors
D:6:      layout_loops_ring, nicolae_ru_great_annihilating_truth, zin_treasury,
          serial_shops, nicolae_stop_n_shop_2
Temple:   nicolae_temple_elliptical

Skill      XL: |  1  2  3  4  5  6  7  8 |
---------------+-------------------------+-----
Conjurations   | 4 5 6 |  6.0
Spellcasting   | 3 4 6 7 |  7.0
Fighting       | 3 |  3.0
Armour         | 3 |  3.0
Stealth        | 6 |  6.0
Dodging        | |  1.7

Action                   |  1- 3 |  4- 6 |  7- 9 || total
-------------------------+-------+-------+-------++-------
Melee: Whip              |    20 |    24 |    20 ||    64
 Cast: Magic Dart        |    38 |     6 |     8 ||    52
       Searing Ray       |     7 |    22 |    28 ||    57
Invok: Renounce Religion |       |     1 |       ||     1
 Abil: Dig               |     2 |    11 |     5 ||    18
  Use: Scroll            |       |     2 |       ||     2
       Potion            |       |       |     4 ||     4
Armor: Robe              |     7 |    13 |       ||    20
       Leather armour    |       |     6 |    20 ||    26
Dodge: Dodged            |    20 |    38 |    43 ||   101
